 Dungeon Crawl Stone Soup version 0.19-a0-1899-g2d93087 (webtiles) character file.

116 dobroeutro the Shooter (level 4, -1/40 HPs)
             Began as a Centaur Hunter on Oct 20, 2016.
             Was an Initiate of Okawaru.
             Killed from afar by an orc wizard (11 damage)
             ... with a puff of flame
             ... on level 3 of the Dungeon.
             The game lasted 00:03:56 (2615 turns).

dobroeutro the Shooter (Centaur Hunter)             Turns: 2615, Time: 00:03:57

Health: -1/40      AC:  4    Str: 14    XL:     4   Next: 69%
Magic:  4/4        EV:  6    Int: 10    God:    Okawaru [......]
Gold:   155        SH:  6    Dex: 11    Spells: 0 memorised, 3 levels left

rFire  . . .     SeeInvis .     t - +1 short sword (freeze)
rCold  . . .     Gourm    .     c - +0 leather armour
rNeg   . . .     Faith    .     i - +0 shield
rPois  .         Spirit   .     (no helmet)
rElec  .         Reflect  .     (no cloak)
rCorr  .         Harm     .     (no gloves)
MR     .....                    (no barding)
Stlth  +.........               (no amulet)
                                (no ring)
                                (no ring)

@: very quick
A: hooves 3, deformed body, speed 2, tough skin 3
a: Renounce Religion


You were on level 3 of the Dungeon.
You worshipped Okawaru.
Okawaru was noncommittal.
You were very hungry.

You visited 1 branch of the dungeon, and saw 3 of its levels.

You collected 155 gold pieces.

Inventory:

Hand Weapons
 a - a +1 shortbow
 t - a +1 short sword of freezing (weapon)
Missiles
 d - 44 arrows
Armour
 c - a +0 leather armour (worn)
 i - a +0 shield (worn)
Scrolls
 g - 2 scrolls of immolation {unknown}
 l - 3 scrolls of remove curse {unknown}
 m - a scroll of amnesia {unknown}
 n - a scroll of identify {unknown}
 q - a scroll of noise {unknown}
Potions
 b - a potion of might {unknown}
 e - a potion of mutation {unknown}
 j - a potion of lignification {unknown}
 p - a potion of ambrosia {unknown}
 r - a potion of cure mutation {unknown}
 s - a potion of haste {unknown}
Comestibles
 f - 2 bread rations
 h - 3 meat rations
 k - a royal jelly
 o - 4 fruits


   Skills:
 + Level 3.7 Fighting
 + Level 6.8 Bows
 - Level 1.3 Dodging
 - Level 0.4 Stealth


You had 3 spell levels left.
You didn't know any spells.

Dungeon Overview and Level Annotations

Branches:
Dungeon (3/15)

Altars:
Okawaru


Innate Abilities, Weirdness & Mutations

You have hooves in place of feet.
Armour fits poorly on your strangely shaped body.
You cover ground very quickly.
You have extremely tough skin. (AC +3)


Message History

There are monsters nearby!
You closely miss the orc wizard. Your kick misses the orc wizard.
The orc wizard is heavily wounded.
The orc wizard hits you with a dagger.
* * * LOW HITPOINT WARNING * * *
The orc wizard hits you but does no damage.
You closely miss the orc wizard.
You kick the orc wizard, but do no damage.
The orc wizard is heavily wounded.
You block the orc wizard's attack.
You closely miss the orc wizard.
The orc wizard is heavily wounded.
You are feeling very hungry.
The orc wizard hits you but does no damage.
You completely miss the orc wizard.
You kick the orc wizard, but do no damage.
The orc wizard is heavily wounded.
The orc wizard gestures at you while chanting.
The puff of flame hits you!
You die...

.#
#.#<...#.#.#
.#
#.#....#.#.#
.#
#.#....#.#.#
.# ########
#.#....#.#.#
># #......#
#.#..#.#.#.#
.# #.####.#
#.#....#.#.#
.# #.# #.#
#.#....#.#.#
.# #.# #)#
#.##.#.#.#.#
.##########.#
#@# #.# #.#.#
.)..........#
#o# #.# #.#.#
#############


oo# #.# #.#[# #### #.######.#.# #........#.# ##########.# #.# #.# #.. You could
see an orc wizard and 2 orcs.

Vanquished Creatures
  Natasha (D:3)
  2 adders (D:2)
  2 worms (D:2)
  3 leopard geckos
  2 orcs (D:3)
  2 giant cockroaches
  5 goblins
  11 hobgoblins
  6 kobolds
  A quokka (D:3)
  2 ball pythons (D:2)
  8 bats
  2 frilled lizards (D:1)
  16 rats
63 creatures vanquished.

Notes
Turn   | Place    | Note
-------+----------+-------------------------------------------
     0 | D:1      | dobroeutro the Centaur Hunter began the quest for the Orb.
     0 | D:1      | Reached XP level 1. HP: 17/17 MP: 1/1
   195 | D:1      | Reached XP level 2. HP: 25/25 MP: 2/2
   744 | D:1      | Reached XP level 3. HP: 21/30 MP: 3/3
   858 | D:2      | Reached skill level 6 in Bows
  1844 | D:2      | Reached XP level 4. HP: 32/38 MP: 4/4
  2007 | D:3      | Found an iron altar of Okawaru.
  2012 | D:3      | Became a worshipper of Warmaster Okawaru
  2092 | D:3      | Noticed a phantom
  2393 | D:3      | Noticed Natasha
  2400 | D:3      | Killed Natasha
  2615 | D:3      | Killed from afar by an orc wizard

Vault maps used:
D:1:      dpeg_arrival_boxes_within_box, minmay_misc_feat_x
D:2:      lemuel_old_faithful
D:3:      okawaru_gym_becter, uniq_natasha

Skill      XL: |  1  2  3 |
---------------+----------+-----
Fighting       | 3 |  3.7
Bows           | 6 |  6.8
Dodging        | |  1.3
Stealth        | |  0.4

Action                   |  1- 3 |  4- 6 || total
-------------------------+-------+-------++-------
Melee: Short sword       |   181 |    51 ||   232
       Kick              |    35 |    10 ||    45
  Eat: Chunk             |     1 |     2 ||     3
Armor: Leather armour    |    59 |    20 ||    79
Dodge: Dodged            |    60 |    11 ||    71
Block: Shield            |    41 |    16 ||    57
